 Dungeon Crawl Stone Soup version 0.25.0-9-g26727b657a (webtiles) character file.

Game seed: 13512844825154260655

16115 Descartes the Blocker (level 12, -3/99 HPs)
             Began as a Formicid Fighter on June 17, 2020.
             Was a Believer of Cheibriados.
             Slain by an orc warrior
             ... wielding a +0 trident
              (5 damage)
             ... on level 2 of the Orcish Mines.
             The game lasted 00:42:26 (18727 turns).

Descartes the Blocker (Formicid Fighter)           Turns: 18727, Time: 00:42:27

Health: -3/99      AC: 16    Str: 28 (29) XL:     12   Next: 66%
Magic:  37/37      EV:  9    Int:  9 (13) God:    Cheibriados [**....]
Gold:   1240       SH: 29    Dex: 15      Spells: 11/11 levels left

rFire    . . .     SeeInvis +   t - +2 great sword (freeze)
rCold    + . .     Gourm    .   b - +10 tower shield of Ignorance {rN+ Int-4}
rNeg     + . .     Faith    .   P - +4 scale mail {MR+}
rPois    .         Spirit   .   (helmet unavailable)
rElec    .         Reflect  .   A - +0 cloak
rCorr    +         Harm     .   F - +1 pair of gloves of the Serpent {*Drain rCorr MP+9 SInv}
MR       ++...                  (no boots)
Stlth    +.........             (no amulet)
HPRegen  0.26/turn              M - ring of magical power
MPRegen  0.25/turn              Q - ring of protection from cold

@: very slow
A: permanent stasis, dig shafts and tunnels, four strong arms, antennae 3,
deterioration 1, strong 1, wild magic 1, sturdy frame 1
a: Dig, Shaft Self, Bend Time, Renounce Religion


You were on level 2 of the Orcish Mines.
You worshipped Cheibriados.
Cheibriados was pleased with you.
You were hungry.

You visited 3 branches of the dungeon, and saw 13 of its levels.

You collected 1240 gold pieces.

Inventory:

Hand Weapons
 c - a +2 battleaxe
 q - a +4 mace of venom
 t - a +2 great sword of freezing (weapon)
 I - a +1 flail of draining
Missiles
 h - 252 stones
 o - 10 silver boomerangs (quivered)
 z - 47 poisoned darts
 B - 148 arrows
 E - 23 boomerangs
 H - 7 javelins
 N - 5 throwing nets
Armour
 b - the +10 tower shield of Ignorance (worn) {rN+ Int-4}
   (You found it on level 7 of the Dungeon)

   It affects your intelligence (-4).
   It protects you from negative energy.
 A - a +0 cloak (worn)
 F - the +1 pair of gloves of the Serpent (worn) {*Drain rCorr MP+9 SInv}
   (You found it on level 4 of the Dungeon)

   It affects your magic capacity (+9).
   It lets you see invisible.
   It provides partial protection from all sources of acid and corrosion.
   It causes draining when unequipped.
 O - a +0 troll leather armour
 P - a +4 scale mail of magic resistance (worn)
Jewellery
 M - a ring of magical power (left hand)
 Q - a ring of protection from cold (right hand)
 R - an uncursed ring of ice
Wands
 u - a wand of random effects (24)
 x - a wand of iceblast (21)
 C - a wand of flame (2)
 D - a wand of paralysis (4)
 G - a wand of enslavement (3)
 K - a wand of clouds (6)
Scrolls
 e - a scroll of random uselessness
 g - a scroll of fog
 m - 2 scrolls of enchant weapon
 p - a scroll of amnesia
 r - 2 scrolls of magic mapping
 v - 2 scrolls of immolation
 w - 3 scrolls of identify
 y - 3 scrolls of enchant armour
 J - 4 scrolls of remove curse
 L - a scroll of fear
Potions
 a - a potion of brilliance
 d - a potion of might
 i - 5 potions of resistance
 j - 2 potions of stabbing
 k - 6 potions of lignification
 l - 10 potions of curing
 n - 2 potions of flight
Comestibles
 f - 20 rations
 s - 2 chunks of flesh


   Skills:
 + Level 10.8 Fighting
 + Level 8.1 Long Blades
 + Level 10.8 Armour
 + Level 11.1 Shields
 + Level 9.6 Evocations


You had 11 spell levels left.
You didn't know any spells.
Your spell library contained the following spells:

 Spells                   Type           Power        Failure   Level  Hunger
 Shock                    Conj/Air       #...         86%         1    ##.....
 Static Discharge         Conj/Air       #.......     99%         3    ####...
 Airstrike                Air            #.........   100%        4    #####..
 Lightning Bolt           Conj/Air       #.........   100%        5    ######.
 Swiftness                Chrm/Air       Unusable     N/A         2    N/A

Dungeon Overview and Level Annotations

Branches:
Dungeon (10/15)            Temple (1/1) D:5             Orc (2/2) D:10
    Elf (0/3) Orc:2
   Lair: D:8-11

Altars:
Ashenzari
Cheibriados
Dithmenos
Elyvilon
Fedhas
Gozag
Hepliaklqana
Kikubaaqudgha
Makhleb
Nemelex Xobeh
Okawaru
Qazlal
Ru
Sif Muna
Trog
Uskayaw
Vehumet
Wu Jian
Xom
Yredelemnul
Zin
The Shining One
Beogh

Shops:
D:6 %

Portals:
Abyss: D:6

Annotations:
D:6 2 transporters, exclusion: oklob plant, Trobe's ghost, novice CeHu
D:7 1 runed translucent door, exclusion: 4 orange crystal statues


Innate Abilities, Weirdness & Mutations

You cannot be hasted, slowed, berserked, paralysed or teleported.
You can dig through walls and to a lower floor.
Your four strong arms can wield two-handed weapons with a shield.
You have a pair of large antennae on your head. (SInv)
Your body sometimes deteriorates upon taking damage.
Your muscles are strong. (Str +2)
Your spells are a little harder to cast, but a little more powerful.
Your movements are slightly less encumbered by armour. (ER -2)


Message History

a +0 dagger; a +0 robe; a +0 dagger; a +0 short sword You feel better.
The orc high priest utters an invocation to Beogh.
The orc wizard points at you and mumbles some strange words.
The puff of flame hits you but does no damage.
You block the orc warrior's attack.
Evoke which item? (* to show all) (? for menu, Esc to quit)
Aiming: Enslavement
Press: ? - help, Shift-Dir - straight line, f - rust devil
Aim: a rust devil (summoned, chance to defeat MR: 37%)
The rust devil is charmed.
Your rust devil closely misses the orc priest.
The smoke demon gestures at you. Beogh smites you!
* * * LOW HITPOINT WARNING * * *
Your body deteriorates!
You feel weakened. You block the orc priest's attack. x2
The orc wizard hits your rust devil but does no damage.
The orc warrior hits you from afar with a +0 trident.
You die...

....#............##.#............
.#..##.#.............#...........
##...##.........)).)4............
#...#.#......#.......o......._...
##.#.....#.........o.............
####....##..##)...o.o...........
#....#.#.[.[)oo4o.............
##.##......).ooo).............
####........@43o............<
###.........................
##.........))>.............#.
##............[...............
##.........#................#..
#..................<...........
##..##.........................
#######...........##.#.###.#.#
####...##.####### #####


You could see 2 orc high priests, a hellwing (summoned), a smoke demon
(summoned), a red devil (summoned), an orc warrior, 3 orc priests, 3 orc
wizards, 2 orcs and a friendly rust devil (charmed, summoned).

Vanquished Creatures
  Fannar (D:10)
  Harold (D:7)
  2 two-headed ogres
  2 orc high priests (Orc:2)
  An orc knight (Orc:1)
  2 orc sorcerers
  A komodo dragon (D:10)
  2 trolls
  A hornet (D:8)
  Prince Ribbit (D:7)
  2 hippogriffs
  5 yaks
  A wyvern (D:4)
  A steam dragon (D:10)
  2 hungry ghosts (D:9)
  A warg (Orc:2)
  A water moccasin (D:10)
  2 sky beasts
  Duvessa (D:7)
  3 black bears
  15 orc warriors
  2 ice beasts
  A necrophage (D:10)
  7 ogres
  5 centaurs
  11 bullfrogs
  A water moccasin zombie (D:10)
  Dowan (D:7)
  A water moccasin skeleton (D:9)
  2 scorpions
  16 killer bees
  10 wights
  A bullfrog zombie (D:10)
  A crimson imp (D:6)
  2 jellies
  5 hounds
  A quasit (D:10)
  A gnoll shaman (D:10)
  32 orc priests
  3 bullfrog skeletons
  A centaur skeleton (D:5)
  29 orc wizards
  4 iguanas
  Terence (D:2)
  9 worker ants
  A hound zombie (D:6)
  A hound skeleton (D:8)
  Robin (D:3)
  3 gnolls
  15 adders
  3 shadow imps
  An ooze (D:2)
  4 adder skeletons
  2 worms
  A dart slug (D:2)
  6 leopard geckos
  54 orcs
  7 bats
  6 giant cockroaches
  10 hobgoblins
  16 jackals
  8 kobolds
  3 quokkas
  A ball python (D:4)
  6 frilled lizards
  11 goblins
  3 leopard gecko skeletons
  A quokka skeleton (D:9)
  11 rats
370 creatures vanquished.

Vanquished Creatures (others)
  An orc wizard (D:4)
  An orc (Orc:2)
  19 toadstools (D:6)
21 creatures vanquished.

Grand Total: 391 creatures vanquished

Notes
Turn   | Place    | Note
-------+----------+-------------------------------------------
     0 | D:1      | Descartes the Formicid Fighter began the quest for the Orb.
     0 | D:1      | Reached XP level 1. HP: 18/18 MP: 1/1
   168 | D:1      | Reached XP level 2. HP: 24/24 MP: 2/2
   177 | D:1      | Reached skill level 4 in Shields
   589 | D:1      | Reached XP level 3. HP: 28/29 MP: 3/3
  1146 | D:2      | Reached XP level 4. HP: 37/37 MP: 4/4
  1508 | D:2      | Noticed Terence
  1523 | D:2      | Killed Terence
  1523 | D:2      | Reached XP level 5. HP: 35/42 MP: 5/5
  1701 | D:3      | Reached skill level 5 in Shields
  2002 | D:2      | Reached XP level 6. HP: 28/48 MP: 6/6
  2859 | D:3      | Reached skill level 6 in Shields
  2859 | D:3      | Reached XP level 7. HP: 32/55 MP: 7/7
  2995 | D:3      | Found a glowing golden altar of the Shining One.
  3341 | D:4      | Noticed Robin
  3717 | D:3      | Killed Robin
  3943 | D:4      | Found a radiant altar of Vehumet.
  4247 | D:4      | Noticed a wyvern
  4255 | D:4      | Killed a wyvern
  4255 | D:4      | Reached skill level 5 in Fighting
  4255 | D:4      | Reached skill level 5 in Armour
  4255 | D:4      | Reached skill level 7 in Shields
  4255 | D:4      | Reached skill level 1 in Evocations
  4336 | D:4      | Reached XP level 8. HP: 61/62 MP: 8/8
  4759 | D:4      | Got a pair of distressingly furry gloves
  4773 | D:4      | Identified the +1 pair of gloves of the Serpent {*Drain
                  | rCorr MP+9 SInv} (You found it on level 4 of the Dungeon)
  4984 | D:5      | Entered Level 5 of the Dungeon
  5406 | D:5      | Found a shimmering altar of Xom.
  5641 | D:5      | Found a staircase to the Ecumenical Temple.
  5650 | Temple   | Entered the Ecumenical Temple
  6545 | D:6      | Found a blossoming altar of Fedhas.
  6556 | D:6      | Noticed an oklob plant
  6796 | D:6      | Reached skill level 8 in Shields
  6997 | D:6      | Reached XP level 9. HP: 30/69 MP: 11/11
  7208 | D:6      | Found a sacrificial altar of Ru.
  7238 | D:6      | Reached skill level 5 in Long Blades
  7274 | D:6      | Gained mutation: Your body sometimes deteriorates upon
                  | taking damage. [potion of mutation]
  7274 | D:6      | Gained mutation: Your spells are a little harder to cast,
                  | but a little more powerful. [potion of mutation]
  7274 | D:6      | Gained mutation: Your muscles are strong. (Str +2) [potion
                  | of mutation]
  7274 | D:6      | Gained mutation: Your movements are slightly less
                  | encumbered by armour. (ER -2) [potion of mutation]
  7386 | D:6      | Found a transporter.
  7388 | D:6      | Found a transporter.
  7431 | D:6      | Found a one-way gate to the infinite horrors of the Abyss.
  7431 | D:6      | Noticed an ancient zyme
  7431 | D:6      | Noticed Trobe's ghost (novice CeHu)
  7482 | D:6      | Found a shadowy altar of Dithmenos.
  7664 | D:6      | Found a shimmering blue altar of Sif Muna.
  7865 | D:6      | Found Noatus's Food Shoppe.
  7893 | D:6      | Reached skill level 9 in Shields
  8240 | D:6      | Found an opulent altar of Gozag.
  8541 | D:7      | Noticed Dowan
  8542 | D:7      | Noticed Duvessa
  8554 | D:7      | Killed Duvessa
  8878 | D:7      | Killed Dowan
  9414 | D:7      | Noticed Harold
  9419 | D:7      | Reached skill level 5 in Evocations
  9419 | D:7      | Reached XP level 10. HP: 78/79 MP: 13/13
  9437 | D:7      | Killed Harold
  9678 | D:7      | Found a runed translucent door.
  9678 | D:7      | Noticed Prince Ribbit
  9680 | D:7      | Noticed an orange crystal statue
  9681 | D:7      | Found the +10 tower shield of Ignorance {rN+ Int-4}
  9702 | D:7      | Killed Prince Ribbit
  9749 | D:7      | Found a runed translucent door.
  9790 | D:7      | HP: 4/80 [orc warrior/+0 flail (4)]
 10672 | D:7      | Noticed an orange crystal statue
 10672 | D:7      | Noticed an orange crystal statue
 10672 | D:7      | Noticed an orange crystal statue
 10698 | D:7      | You fall into a shaft and drop 1 floor!
 11983 | D:8      | Reached XP level 11. HP: 79/89 MP: 16/16
 12497 | D:9      | Found a hide-covered altar of Uskayaw.
 12500 | D:9      | Noticed a +0 dagger
 12500 | D:9      | Noticed a +0 hand axe
 13426 | D:10     | Entered Level 10 of the Dungeon
 13474 | D:10     | Noticed Fannar
 14363 | D:10     | Noticed a two-headed ogre
 14633 | D:9      | Killed a two-headed ogre
 14633 | D:9      | Reached skill level 10 in Shields
 15152 | D:10     | Killed Fannar
 15152 | D:10     | Reached skill level 10 in Fighting
 15152 | D:10     | Reached skill level 10 in Armour
 15799 | D:10     | Found a staircase to the Orcish Mines.
 16007 | Orc:1    | Entered Level 1 of the Orcish Mines
 16007 | Orc:1    | Found a roughly hewn altar of Beogh.
 16279 | Temple   | Became a worshipper of Cheibriados the Contemplative
 16433 | Orc:2    | Entered Level 2 of the Orcish Mines
 16433 | Orc:2    | Found a staircase to the Elven Halls.
 16444 | Orc:1    | Reached XP level 12. HP: 77/97 MP: 18/18
 16560 | Orc:2    | Noticed a sun demon
 16568 | Orc:1    | Reached * piety under Cheibriados
 17021 | Orc:2    | Found a burning altar of Makhleb.
 17252 | Orc:2    | Noticed a two-headed ogre
 17263 | Orc:2    | Killed a two-headed ogre
 17549 | Orc:2    | Noticed an orc high priest
 17676 | Orc:2    | Noticed a sixfirhy
 17676 | Orc:2    | Noticed a soul eater
 18195 | Orc:2    | Killed an orc high priest
 18272 | Orc:2    | Reached skill level 11 in Shields
 18273 | Orc:2    | Reached ** piety under Cheibriados
 18335 | Orc:2    | Found a roughly hewn altar of Beogh.
 18350 | Orc:2    | Noticed an orc high priest
 18378 | Orc:2    | Killed an orc high priest
 18670 | Orc:2    | Noticed an orc high priest
 18671 | Orc:2    | Noticed an orc high priest
 18673 | Orc:2    | Noticed a soul eater
 18695 | Orc:2    | Noticed a sun demon
 18695 | Orc:2    | Noticed a sixfirhy
 18721 | Orc:2    | HP: 4/99 [orc priest/divine providence (8)]
 18724 | Orc:2    | HP: 1/99 [orc wizard/puff of frost (2)]
 18727 | Orc:2    | Slain by an orc warrior

Illustrated notes

Levels and vault maps discovered:
D:1:      dpeg_arrival_shrine, layout_loops_ring
D:2:      layout_rooms, first_ration, kennysheep_generic_room_3, uniq_terence
D:3:      layout_loops_ring, nicolae_overflow_hidden_temple
D:4:      layout_loops_ring, vehumet_altar_wand_db, uniq_robin
D:5:      layout_layer_cave, lemuel_crystal_altar, lemuel_temple_firewalk_a
D:6:      kennysheep_orc_sif_temple, layout_basic, lemuel_round_altar,
          kennysheep_mini, tgw_fedhas, hangedman_ru_absence, serial_shops, shop,
          gammafunk_ghost_abyssal_escape, st_stairs_5
D:7:      layout_basic, grunt_ogre_cave, chequers_guarded_unrand_ignorance,
          uniq_harold, uniq_duvessa, uniq_prince_ribbit1
D:8:      layout_loops_ring
D:9:      layout_gridville, dancing_weapons_uskayaw
D:10:     layout_cave_pools, orc_0_dummy, uniq_fannar
Temple:   eino_temple_lava
Orc:1:    layout_caves, serial_shops, shop, basic_altar, mines2_lemuel
Orc:2:    st_orc_mages, layout_caves, basic_altar, enter_volcano_2,
          david_defended_altar_orc

Skill      XL: |  1  2  3  4  5  6  7  8  9 10 11 12 |
---------------+-------------------------------------+-----
Shields        | 4 5 6 7 8 9 10 11 | 11.1
Fighting       | 4 5 7 9 10 | 10.8
Armour         | 4 5 7 9 10 | 10.8
Long Blades    | 3 4 6 7 8 |  8.1
Evocations     | 1 3 5 7 8 9 |  9.6

Action                   |  1- 3 |  4- 6 |  7- 9 | 10-12 || total
-------------------------+-------+-------+-------+-------++-------
Melee: Long sword        |    75 |   190 |   487 |   392 ||  1144
       Great sword       |       |       |       |   548 ||   548
Throw: Boomerang         |       |     4 |       |       ||     4
 Abil: Dig               |     1 |       |     4 |    10 ||    15
       Shaft Self        |       |       |       |     1 ||     1
Evoke: Wand              |       |       |       |     1 ||     1
  Use: Scroll            |     4 |       |    12 |     8 ||    24
       Potion            |       |       |     1 |     5 ||     6
  Eat: Chunk             |       |     7 |    19 |    17 ||    43
       Ration            |       |       |     1 |     4 ||     5
Armor: Scale mail        |    38 |    72 |    93 |   361 ||   564
       Chain mail        |       |       |    65 |     7 ||    72
Dodge: Dodged            |    28 |    77 |   139 |   263 ||   507
Block: Kite shield       |    53 |   101 |   259 |   123 ||   536
       Tower shield      |       |       |       |  1426 ||  1426
       Rpst.: Long sword |    12 |    23 |    46 |    33 ||   114
       Great sword       |       |       |       |    44 ||    44
